 Dungeon Crawl Stone Soup version 0.31-a0-1206-g41278d8d1d (webtiles) character file.

Game seed: 10155936650463218977

3341 Curundu the Protected (level 9, -10/79 HPs)
             Began as a Minotaur Berserker on Dec 13, 2023.
             Was an Elder of Trog.
             Killed by divine providence
             ... invoked by an orc priest
              (12 damage)
             ... on level 8 of the Dungeon.
             The game lasted 00:26:01 (6640 turns).

Curundu the Protected (Minotaur Berserker)          Turns: 6640, Time: 00:26:01

Health: -10/79     AC: 18    Str: 33    XL:     9   Next: 72%
Magic:  8/8        EV: 12    Int:  4    God:    Trog [****..]
Gold:   317        SH:  0    Dex: 15    Spells: 8/8 levels left

rFire   + . .        D - +5 flail (protect)
rCold   + . .        (no shield)
rNeg    . . .        E - +0 chain mail
rPois   .            (helmet restricted)
rElec   .            x - scarf {rC+ rF+}
rCorr   .            (no gloves)
SInv    .            (no boots)
Will    .....        (no amulet) Stlth
                     y - +6 ring of strength
HPRegen 0.33/turn    o - +6 ring of dexterity
MPRegen 0.11/turn

%: no passive effects
@: under a protective aura
A: horns 2, retaliatory headbutt
a: Renounce Religion, Berserk, Trog's Hand, Brothers in Arms


You were on level 8 of the Dungeon.
You worshipped Trog.
Trog was greatly pleased with you.
You visited 1 branch of the dungeon, and saw 8 of its levels.

You collected 317 gold pieces.

Inventory:

Hand Weapons
 D - a +5 flail of protection (weapon)
Missiles
 r - 7 poisoned darts (quivered)
 w - 6 boomerangs
Armour
 l - the +2 cloak of Bivum {rC+ Int+5}
   (You found it on level 2 of the Dungeon)

   Int+5:     It affects your intelligence (+5).
   rC+:       It protects you from cold.
 x - a scarf of resistance (worn)
 E - a +0 chain mail (worn)
Magical Staves
 b - a staff of earth
 s - a staff of cold
Jewellery
 k - a ring of see invisible
 o - a +6 ring of dexterity (right hand)
 p - a ring of resist corrosion
 y - a +6 ring of strength (left hand)
Wands
 f - a wand of polymorph (9)
Scrolls
 d - a scroll of revelation {unknown}
 e - a scroll of vulnerability {unknown}
 g - 8 scrolls of identify {unknown}
 h - a scroll of immolation {unknown}
 i - a scroll of enchant armour {unknown}
 m - 2 scrolls of fear {unknown}
 t - 3 scrolls of enchant weapon {unknown}
 z - 2 scrolls of amnesia {unknown}
 B - 2 scrolls of teleportation {unknown}
Potions
 a - a potion of might {unknown}
 c - 3 potions of haste {unknown}
 j - a potion of attraction {unknown}
 n - a potion of degeneration {unknown}
 q - a potion of ambrosia {unknown}
 u - a potion of cancellation {unknown}
 v - a potion of invisibility {unknown}
 A - a potion of brilliance {unknown}
 C - a potion of mutation {unknown}


   Skills:
 + Level 7.2 Fighting
 + Level 4.4(5.8) Short Blades
 + Level 6.4(7.2) Long Blades
 + Level 8.5 Maces & Flails
 + Level 2.0 Throwing
 + Level 8.7 Armour
 + Level 5.1 Dodging
 + Level 0.6 Stealth


You had 8 spell levels left.
You didn't know any spells.
Your spell library was empty.

Dungeon Overview and Level Annotations

Branches:
Dungeon (8/15)             Temple (0/1) D:5
   Lair: D:8-11

Altars:
Elyvilon
Zin

Shops:
D:4 =


Innate Abilities, Weirdness & Mutations

You have a pair of horns on your head.
You reflexively headbutt those who attack you in melee.


Message History

The elephant is heavily wounded.
The elephant tramples you!
You hold your ground!
The elephant trunk-slaps you but does no damage.
You hit the elephant.
The elephant is heavily wounded.
The elephant tramples you but does no damage.
The elephant trunk-slaps you but does no damage.
You bludgeon the elephant!! You headbutt the elephant.
The elephant is almost dead.
The orc priest mumbles some strange prayers to Beogh against you.
Beogh smites you!
* * * LOW HITPOINT WARNING * * *
The elephant tramples you but does no damage.
The elephant trunk-slaps you but does no damage.
You sock the elephant!
You kill the elephant!
Trog accepts your kill.
The orc priest calls down the wrath of Beogh upon you.
Beogh smites you!
* * * LOW HITPOINT WARNING * * *
The orc priest begins to cast a cantrip, but forgets the words!
Your Maces & Flails skill increases to level 8!
You hit the orc. Your headbutt misses the orc.
The orc is lightly wounded.
The orc hits you but does no damage.
You sock the orc!
You kill the orc!
Trog accepts your kill.
The orc priest mumbles some strange prayers to Beogh against you.
Beogh smites you!
* * * LOW HITPOINT WARNING * * *
The orc priest miscasts a cantrip.
You sock the orc priest! You headbutt the orc priest.
You kill the orc priest!
Trog accepts your kill.
You closely miss the orc priest.
The orc priest hits you but does no damage.
The orc priest invokes the aid of Beogh against you.
Beogh smites you!
You die...

oP...P........#
PP......P.....#
.P.P.o........#
#P..PP...#
+.†.P....#
#P.P.....#
#....Poo.#
.P...PPP..#o##
P...PP...##@#
....P.P.P.##.#
.....P..P###.#
#....P.### ..#
###..). ###
#####


You could see 2 orc priests and an orc.

Vanquished Creatures
  An elephant (D:8)
  A yak (D:8)
  Edmund (D:5)
  A steam dragon (D:7)
  Duvessa (D:4)
  A water moccasin (D:7)
  2 orc warriors (D:7)
  A sky beast (D:6)
  2 black bears
  2 ogres
  3 ice beasts
  A centaur (D:6)
  3 bullfrogs
  4 scorpions
  Dowan (D:4)
  2 howler monkeys (D:6)
  5 orc priests
  5 hounds
  A gnoll bouda (D:5)
  3 jellies
  3 iguanas
  A sleepcap (D:5)
  4 orc wizards
  Robin (D:2)
  12 gnolls
  6 adders
  A shadow imp (D:6)
  A white imp (D:6)
  2 ufetubi (D:5)
  A worm (D:4)
  4 dart slugs
  13 orcs
  6 endoplasms
  2 giant cockroaches
  16 goblins
  5 hobgoblins
  8 kobolds
  5 quokkas
  9 ball pythons
  4 bats
  3 frilled lizards
  3 rats
151 creatures vanquished.

Notes
Turn   | Place    | Note
-------+----------+-------------------------------------------
     0 | D:1      | Curundu the Minotaur Berserker began the quest for the Orb.
     0 | D:1      | Reached XP level 1. HP: 19/19 MP: 0/0
   234 | D:1      | Reached XP level 2. HP: 18/27 MP: 1/1
  1066 | D:2      | Reached XP level 3. HP: 19/33 MP: 2/2
  1074 | D:2      | Reached ** piety under Trog
  1074 | D:2      | Noticed Robin
  1085 | D:2      | Killed Robin
  1499 | D:2      | Identified the +2 cloak of Bivum {rC+ Int+5}
  2363 | D:3      | Reached XP level 4. HP: 40/40 MP: 3/3
  2464 | D:3      | Reached skill level 1 in Throwing
  2920 | D:3      | Noticed an ogre
  2931 | D:3      | Killed an ogre
  2932 | D:3      | Reached skill level 1 in Short Blades
  2932 | D:3      | Reached XP level 5. HP: 45/47 MP: 4/4
  3162 | D:4      | Noticed Dowan
  3180 | D:4      | Noticed Duvessa
  3193 | D:4      | Reached XP level 6. HP: 40/53 MP: 5/5
  3205 | D:4      | Killed Duvessa
  3216 | D:4      | Killed Dowan
  3392 | D:4      | Reached skill level 5 in Fighting
  3456 | D:4      | Found Efi In Xenk's Jewellery Boutique.
  3488 | D:4      | Reached skill level 5 in Armour
  3491 | D:4      | Reached XP level 7. HP: 58/61 MP: 6/6
  3856 | D:4      | Reached *** piety under Trog
  3966 | D:4      | Found a white marble altar of Elyvilon.
  3970 | D:4      | Found a glowing silver altar of Zin.
  4054 | D:5      | Entered Level 5 of the Dungeon
  4251 | D:5      | Found a staircase to the Ecumenical Temple.
  4307 | D:5      | Reached skill level 5 in Long Blades
  4330 | D:5      | Noticed Edmund
  4344 | D:5      | Killed Edmund
  4345 | D:5      | Reached XP level 8. HP: 22/69 MP: 7/7
  4554 | D:5      | Reached skill level 1 in Maces & Flails
  4629 | D:5      | Identified the +3 scimitar of the King {venom, MP-9 Int+6
                  | Dex+3 Stlth-}
  5174 | D:6      | Reached skill level 5 in Maces & Flails
  5574 | D:6      | Reached XP level 9. HP: 66/77 MP: 8/8
  6052 | D:7      | Reached **** piety under Trog
  6611 | D:8      | Noticed an elephant
  6618 | D:8      | Reached skill level 5 in Dodging
  6636 | D:8      | Killed an elephant
  6638 | D:8      | HP: 1/79 [orc priest/divine providence (12)]
  6640 | D:8      | Killed from afar by an orc priest

Illustrated notes

Levels and vault maps discovered:
D:1:      amcnicky_arrival_gap_in_the_tavern_cellar, layout_loops_ring,
          minmay_misc_feat_encased, nicolae_concentric_dashed_squares_mild
D:2:      layout_loops_corners, minmay_misc_feat_tiny,
          chequers_serial_rivers_room_b, uniq_robin
D:3:      layout_basic
D:4:      layout_rooms, nicolae_overflow_hidden_temple, serial_shops,
          nicolae_shop_gaudy_bauble, minmay_splitting_lines, uniq_duvessa
D:5:      layout_basic, temple_fountains, uniq_edmund
D:6:      layout_gridville, abandoned_shop
D:7:      layout_loops_ring
D:8:      layout_basic, grunt_lair_entry_orc_guard_hut,
          corexii_leaking_fountain, nicolae_shop_fire_sale
          [nicolae_sub_dead_trees]

Skill      XL: |  1  2  3  4  5  6  7  8  9 |
---------------+----------------------------+-----
Fighting       | 4 5 6 7 |  7.2
Long Blades    | 4 5 6 |  6.4
Armour         | 3 4 5 6 7 8 |  8.7
Throwing       | 1 2 |  2.0
Short Blades   | 1 2 3 4 |  4.4
Dodging        | 3 4 5 |  5.1
Maces & Flails | 5 8 |  8.5
Stealth        | |  0.6

Action                     |  1- 3 |  4- 6 |  7- 9 || total
---------------------------+-------+-------+-------++-------
  Melee: Falchion          |    65 |       |    40 ||   105
         Headbutt          |    14 |    18 |    50 ||    82
         Dagger            |    40 |   123 |    21 ||   184
         Punch             |       |     2 |     1 ||     3
         Flail             |       |       |   150 ||   150
  Throw: Dart              |    23 |     8 |       ||    31
         Throwing net      |       |     2 |       ||     2
 Invoke: Trog's Hand       |       |     1 |       ||     1
 Armour: Animal skin       |     8 |       |       ||     8
         Scale mail        |    49 |    72 |   103 ||   224
         Skin              |       |    49 |       ||    49
         Chain mail        |       |       |    57 ||    57
  Dodge: Dodged            |    64 |    66 |   135 ||   265

Table legend: (Time is in decaauts)
 A = Elapsed time spent in this place.
 B = Non-inter-level travel time spent in this place.
 C = Inter-level travel time spent in this place.
 D = Time resting spent in this place.
 E = Time spent auto-exploring this place.
 F = Levels seen in this place.
 G = Mean time per level.
                   A        B        C        D        E       F      G
               +--------+--------+--------+--------+--------+-----+--------+
         Total |   6649 |   6649 |      0 |    327 |   4836 |   8 |  831.1 |
       Dungeon |   6649 |   6649 |      0 |    327 |   4836 |   8 |  831.1 |
               +--------+--------+--------+--------+--------+-----+--------+

Top non-repeatable levels by time:
     D:3: 1180 daAuts
     D:2: 1043 daAuts
     D:4: 975 daAuts
     D:5: 961 daAuts
     D:1: 834 daAuts
     D:7: 829 daAuts
     D:6: 795 daAuts
     D:8: 29 daAuts
